Senators vs Sasquatch
Created - 8 mars 2014 at 19:46
Goals
|
| Senators |
0 |
2 |
2 |
4 |
| Sasquatch |
1 |
2 |
0 |
3 |
|
Shots
|
| Senators |
10 |
11 |
10 |
31 |
| Sasquatch |
10 |
14 |
4 |
28 |
|
1st period
1. Sasquatch , Krys Kolanos 17 (Kevin Shattenkirk, Chad Kilger) at 15:44
Penalties :
Ryan Parent (BIN) for Slashing (Minor) at 16:02, Matt Niskanen (Gat) for Holding (Minor) at 19:13
2nd period
2. Sasquatch , Jiri Novotny 1 (Konstantin Pushkarev, Matt Niskanen) at 1:31
3. Senators , B.J. Crombeen 40 (Gilbert Brule, Vladimir Mihalik) at 1:46
4. Sasquatch , Krys Kolanos 18 (Chad Kilger, Kevin Shattenkirk) at 7:01
5. Senators , B.J. Crombeen 41 (Gilbert Brule, Ryan Parent) at 18:43
Penalties :
B.J. Crombeen (BIN) for Hooking (Minor) at 8:13, Stanislav Chistov (BIN) for Hooking (Minor) at 12:06
3rd period
6. Senators , Gilbert Brule 45 (Niklas Hagman, B.J. Crombeen) at 9:09 (PP)
7. Senators , Travis Moen 2 (Andrew Murray) at 9:57
Penalties :
Clayton Stoner (BIN) for Boarding (Minor) at 1:10, Kevin Shattenkirk (Gat) for Hooking (Minor) at 6:36, Matt Beleskey (Gat) for Hooking (Minor) at 9:00, Kevin Porter (Gat) for Interference (Minor) at 10:24, D.J King (Gat) for Hooking (Minor) at 19:58
Goalie Stats
Jacob Markstrom (BIN), 25 saves from 28 shots - (0,893), W, 6-8-2, 60:00 minutes
Cory Schneider (Gat), 27 saves from 31 shots - (0,871), L, 25-17-3, 59:40 minutes
Players Stats for Senators
Player Name G A P +/- PIM S H SB GA TA FO MP PP MP PK MP
------------------------------------------------------------------------------------
Andrew Murray 0 1 1 -1 0 0 2 0 1 0 1/7 14:04 0:00 2:01
B.J. Crombeen 2 1 3 2 2 4 3 0 2 0 4/10 20:26 3:22 3:18
Brett Sterling 0 0 0 -1 0 1 0 0 0 0 0/0 10:45 0:00 1:26
Clayton Stoner 0 0 0 0 2 1 2 2 0 0 0/0 19:49 2:13 1:40
Cody Hodgson 0 0 0 -1 0 3 0 0 1 0 0/0 9:22 0:00 0:16
Erik Karlsson 0 0 0 -2 0 2 0 1 0 0 0/0 13:33 0:00 0:24
Gilbert Brule 1 2 3 2 0 3 2 1 0 2 17/30 21:31 3:28 4:14
Jack Skille 0 0 0 -1 0 2 5 0 2 0 1/1 11:59 0:09 0:00
Josh Hennessy 0 0 0 0 0 1 0 0 0 0 2/5 13:19 2:36 0:45
Logan Stephenson 0 0 0 0 0 2 1 2 0 1 0/0 20:37 2:13 2:30
Niklas Hagman 0 1 1 2 0 3 2 0 0 1 1/1 20:05 3:25 2:13
Nikolai Kulemin 0 0 0 0 0 1 2 0 0 0 0/0 15:53 2:36 2:03
Ryan Parent 0 1 1 2 2 2 1 2 1 1 0/0 24:29 3:54 3:27
Shane Sims 0 0 0 -2 0 0 0 0 0 1 0/0 15:19 0:00 2:25
Stanislav Chistov 0 0 0 0 2 1 1 0 0 0 0/0 13:31 2:36 0:00
Steven Goertzen 0 0 0 -1 0 1 0 0 0 0 0/0 9:30 0:09 0:00
Travis Moen 1 0 1 -1 0 1 1 1 0 0 0/0 11:58 0:00 0:00
Vladimir Mihalik 0 1 1 2 0 3 5 2 0 1 0/0 25:50 3:54 5:02
Players Stats for Sasquatch
Player Name G A P +/- PIM S H SB GA TA FO MP PP MP PK MP
------------------------------------------------------------------------------------
Andrew Gordon 0 0 0 2 0 0 1 0 1 0 0/0 13:25 0:13 0:00
Cam Atkinson 0 0 0 0 0 0 2 0 0 0 0/0 13:54 3:14 0:00
Chad Kilger 0 2 2 2 0 1 0 0 0 1 3/3 14:36 0:00 1:22
D.J King 0 0 0 -2 2 1 3 0 0 0 0/0 19:22 3:14 1:40
Derek Stepan 0 0 0 0 0 1 0 0 0 0 3/3 13:54 3:14 0:00
Jake Gardiner 0 0 0 -3 0 1 1 2 0 0 0/0 21:04 3:42 2:03
Jakub Voracek 0 0 0 -2 0 3 3 0 1 0 1/3 18:55 4:20 0:00
Jarkko Ruutu 0 0 0 0 0 1 2 0 0 0 1/2 18:47 4:26 3:55
Jiri Novotny 1 0 1 0 0 1 0 0 0 0 0/2 8:58 0:00 1:41
Keith Yandle 0 0 0 0 0 1 2 2 1 2 0/0 22:26 2:22 2:19
Kevin Porter 0 0 0 -2 2 5 2 2 1 0 17/35 21:49 4:20 2:50
Kevin Shattenkirk 0 2 2 3 2 2 2 1 0 1 0/0 24:23 3:35 2:48
Konstantin Pushkarev 0 1 1 0 0 0 0 0 0 0 0/1 8:18 0:22 0:00
Krys Kolanos 2 0 2 2 0 8 1 1 0 1 2/3 13:57 0:00 0:46
Matt Beleskey 0 0 0 0 2 0 0 1 0 0 1/2 7:47 0:25 0:00
Matt Niskanen 0 1 1 0 2 1 1 1 0 0 0/0 23:32 4:53 2:29
Philip Larsen 0 0 0 0 0 2 0 2 0 0 0/0 15:02 0:00 2:35
Rostislav Klesla 0 0 0 0 0 0 1 1 3 2 0/0 13:39 1:20 0:00
3 Stars
1 - B.J. Crombeen (BIN)
2 - Gilbert Brule (BIN)
3 - Krys Kolanos (Gat)
Power Play
Senators - 1 on 5 Attempt(s) - 20,00%
Sasquatch - 0 on 4 Attempt(s) - 0,00%
Penalty Kill
Senators - 4 on 4 Attempt(s) - 100,00%
- Score 0 goal in Penalty Kill
Sasquatch - 4 on 5 Attempt(s) - 80,00%
- Score 0 goal in Penalty Kill
Official
Referees : Pollock Kevin and Joannette Marc
Linesman : Brad Kovachik and Dan Schachte
Game Notes
No Game Note
Finance
Level 1 -- Attendance: 1476 (73,80%) -- Ticket Income 51 660 $
Level 2 -- Attendance: 741 (74,10%) -- Ticket Income 11 115 $
Total Attendance: 2217 (73,90%)
Total Ticket Income: 62 775 $
Other Income: 3 139 $
Total Income: 65 914 $
Senators
5 vs 5 Forward
Center Left Wing Right Wing Time % Phy DF OF
1 Gilbert Brule Niklas Hagman B.J. Crombeen 40 1 2 2
2 Josh Hennessy Nikolai Kulemin Stanislav Chistov 30 1 2 2
3 Andrew Murray Travis Moen Jack Skille 20 1 2 2
4 Cody Hodgson Brett Sterling Steven Goertzen 10 1 2 2
5 vs 5 Defense
Defense Defense Time % Phy DF OF
1 Ryan Parent Vladimir Mihalik 40 1 2 2
2 Logan Stephenson Clayton Stoner 30 1 2 2
3 Erik Karlsson Shane Sims 20 1 2 2
4 Ryan Parent Vladimir Mihalik 10 1 2 2
PowerPlay Forward
Center Left Wing Right Wing Time % Phy DF OF
1 Gilbert Brule Niklas Hagman B.J. Crombeen 60 1 2 2
2 Josh Hennessy Nikolai Kulemin Stanislav Chistov 40 1 2 2
PowerPlay Defense
Defense Defense Time % Phy DF OF
1 Ryan Parent Vladimir Mihalik 60 1 2 2
2 Logan Stephenson Clayton Stoner 40 1 2 2
Penalty Kill 4 Players Forward
Center Wing Time % Phy DF OF
1 B.J. Crombeen Gilbert Brule 60 1 2 2
2 Niklas Hagman Nikolai Kulemin 40 1 2 2
Penalty Kill 4 Players Defense
Defense Defense Time % Phy DF OF
1 Ryan Parent Vladimir Mihalik 60 1 2 2
2 Logan Stephenson Clayton Stoner 40 1 2 2
Penalty Kill - 3 Players Forward
Forward Time % Phy DF OF
1 B.J. Crombeen 60 1 2 2
2 Gilbert Brule 40 1 2 2
Penalty Kill - 3 Players Defense
Defense Defense Time % Phy DF OF
1 Ryan Parent Vladimir Mihalik 60 1 2 2
2 Logan Stephenson Clayton Stoner 40 1 2 2
4 vs 4 Forward
Center Wing Time % Phy DF OF
1 B.J. Crombeen Gilbert Brule 60 1 2 2
2 Niklas Hagman Nikolai Kulemin 40 1 2 2
4 vs 4 Defense
Defense Defense Time % Phy DF OF
1 Ryan Parent Vladimir Mihalik 60 1 2 2
2 Logan Stephenson Clayton Stoner 40 1 2 2
Last Minutes Offensive
Center Left Wing Right Wing Defense Defense
Gilbert Brule Niklas Hagman B.J. Crombeen Ryan Parent Vladimir Mihalik
Last Minutes Defensive
Center Left Wing Right Wing Defense Defense
Gilbert Brule Niklas Hagman B.J. Crombeen Ryan Parent Vladimir Mihalik
Goaltenders
Starting : Jacob Markstrom
Backup : Jason LaBarbera
Extra Forwards
Normal : Jack Skille, Steven Goertzen, Andrew Murray - PP : Jack Skille, Steven Goertzen - PK : Andrew Murray
Extra Defensemen
Normal : Erik Karlsson, Shane Sims, Logan Stephenson - PP : Erik Karlsson - PK : Shane Sims, Logan Stephenson
Penalty Shots
B.J. Crombeen, Gilbert Brule, Niklas Hagman, Nikolai Kulemin, Stanislav Chistov
Sasquatch
5 vs 5 Forward
Center Left Wing Right Wing Time % Phy DF OF
1 Kevin Porter D.J King Jakub Voracek 40 1 2 2
2 Derek Stepan Jarkko Ruutu Cam Atkinson 30 1 2 2
3 Krys Kolanos Chad Kilger Andrew Gordon 20 1 2 2
4 Jiri Novotny Matt Beleskey Konstantin Pushkarev 10 1 2 2
5 vs 5 Defense
Defense Defense Time % Phy DF OF
1 Keith Yandle Jake Gardiner 40 1 2 2
2 Kevin Shattenkirk Matt Niskanen 30 1 2 2
3 Philip Larsen Rostislav Klesla 20 1 2 2
4 Jake Gardiner Matt Niskanen 10 1 2 2
PowerPlay Forward
Center Left Wing Right Wing Time % Phy DF OF
1 Kevin Porter Jarkko Ruutu Jakub Voracek 60 1 2 2
2 Derek Stepan D.J King Cam Atkinson 40 1 2 2
PowerPlay Defense
Defense Defense Time % Phy DF OF
1 Kevin Shattenkirk Matt Niskanen 60 1 2 2
2 Keith Yandle Jake Gardiner 40 1 2 2
Penalty Kill 4 Players Forward
Center Wing Time % Phy DF OF
1 Kevin Porter Jarkko Ruutu 60 1 2 2
2 Jiri Novotny D.J King 40 1 2 2
Penalty Kill 4 Players Defense
Defense Defense Time % Phy DF OF
1 Kevin Shattenkirk Matt Niskanen 60 1 2 2
2 Keith Yandle Jake Gardiner 40 1 2 2
Penalty Kill - 3 Players Forward
Forward Time % Phy DF OF
1 Kevin Porter 60 1 2 2
2 Jiri Novotny 40 1 2 2
Penalty Kill - 3 Players Defense
Defense Defense Time % Phy DF OF
1 Kevin Shattenkirk Matt Niskanen 60 1 2 2
2 Rostislav Klesla Jake Gardiner 40 1 2 2
4 vs 4 Forward
Center Wing Time % Phy DF OF
1 Kevin Porter Jakub Voracek 60 1 2 2
2 Krys Kolanos D.J King 40 1 2 2
4 vs 4 Defense
Defense Defense Time % Phy DF OF
1 Kevin Shattenkirk Matt Niskanen 60 1 2 2
2 Keith Yandle Jake Gardiner 40 1 2 2
Last Minutes Offensive
Center Left Wing Right Wing Defense Defense
Kevin Porter D.J King Jakub Voracek Keith Yandle Kevin Shattenkirk
Last Minutes Defensive
Center Left Wing Right Wing Defense Defense
Kevin Porter D.J King Andrew Gordon Jake Gardiner Matt Niskanen
Goaltenders
Starting : Cory Schneider
Backup : Anders Lindback
Extra Forwards
Normal : Jiri Novotny, Konstantin Pushkarev, Jakub Voracek - PP : Matt Beleskey, Konstantin Pushkarev - PK : Chad Kilger
Extra Defensemen
Normal : Rostislav Klesla, Philip Larsen, Jake Gardiner - PP : Matt Niskanen - PK : Philip Larsen, Keith Yandle
Penalty Shots
Chad Kilger, Krys Kolanos, Cam Atkinson, Konstantin Pushkarev, Kevin Porter
% Time on Ice - Senators
Lines # - Real PCT - Wanted PCT - Time Play
Normal Forward
1 - 28% - 40% - 12:39
2 - 25% - 30% - 11:14
3 - 26% - 20% - 11:48
4 - 20% - 10% - 9:06
Normal Defense
1 - 36% - 40% - 16:18
2 - 36% - 30% - 15:54
3 - 26% - 20% - 11:44
4 - 2% - 10% - 0:51
PP Forward
1 - 57% - 60% - 3:31
2 - 43% - 40% - 2:36
PP Defense
1 - 64% - 60% - 3:54
2 - 36% - 40% - 2:13
PK Forward
1 - 74% - 60% - 5:53
2 - 26% - 40% - 2:03
PK Defense
1 - 68% - 60% - 5:26
2 - 32% - 40% - 2:30
PK3 Forward
1 - 0% - 60%
2 - 0% - 40%
PK3 Defense
1 - 0% - 60%
2 - 0% - 40%
44 Forward
1 - 0% - 60%
2 - 0% - 40%
44 Defense
1 - 0% - 60%
2 - 0% - 40%
Last Minute Offensive - 0:00
Last Minute Defensive - 1:10
Total
Forward - 60:00
Defense - 60:00
|
% Time on Ice - Sasquatch
Lines # - Real PCT - Wanted PCT - Time Play
Normal Forward
1 - 31% - 40% - 13:43
2 - 24% - 30% - 10:40
3 - 29% - 20% - 13:06
4 - 16% - 10% - 7:17
Normal Defense
1 - 38% - 40% - 17:14
2 - 33% - 30% - 14:52
3 - 24% - 20% - 10:53
4 - 4% - 10% - 1:47
PP Forward
1 - 59% - 60% - 4:42
2 - 41% - 40% - 3:14
PP Defense
1 - 53% - 60% - 4:14
2 - 47% - 40% - 3:42
PK Forward
1 - 86% - 60% - 5:14
2 - 14% - 40% - 0:53
PK Defense
1 - 66% - 60% - 4:04
2 - 34% - 40% - 2:03
PK3 Forward
1 - 0% - 60%
2 - 0% - 40%
PK3 Defense
1 - 0% - 60%
2 - 0% - 40%
44 Forward
1 - 0% - 60%
2 - 0% - 40%
44 Defense
1 - 0% - 60%
2 - 0% - 40%
Last Minute Offensive - 1:11
Last Minute Defensive - 0:00
Total
Forward - 60:00
Defense - 60:00
|
Play by Play
1st period
0:01 of 1st period - Kevin Porter wins face-off versus Gilbert Brule in neutral zone.
0:08 of 1st period - Snap shot by Jakub Voracek.
0:08 of 1st period - Shot Blocked by Ryan Parent.
0:10 of 1st period - Snap shot by Kevin Porter.
0:10 of 1st period - Stopped by Jacob Markstrom without a rebound.
0:11 of 1st period - Jarkko Ruutu wins face-off versus Josh Hennessy in Senators zone.
0:55 of 1st period - Slapshot by Andrew Murray.
0:55 of 1st period - Shot Misses the Net.
1:03 of 1st period - Clayton Stoner is hit by D.J King and loses puck.
1:18 of 1st period - Wrist shot by Brett Sterling.
1:18 of 1st period - Shot Misses the Net.
1:20 of 1st period - Backhand shot by Logan Stephenson.
1:20 of 1st period - Deflect By Jiri Novotny.
1:20 of 1st period - Stopped by Cory Schneider with a rebound.
1:22 of 1st period - Snap shot by Logan Stephenson.
1:22 of 1st period - Stopped by Cory Schneider with a rebound.
1:24 of 1st period - Slapshot by Logan Stephenson.
1:24 of 1st period - Shot Misses the Net.
1:26 of 1st period - Snap shot by Logan Stephenson.
1:26 of 1st period - Shot Blocked by Matt Beleskey.
3:18 of 1st period - Slapshot by Jakub Voracek.
3:18 of 1st period - Shot Hit the Post.
3:22 of 1st period - Wrist shot by Jakub Voracek.
3:22 of 1st period - Shot Misses the Net.
3:38 of 1st period - Keith Yandle is hit by Jack Skille and loses puck.
5:05 of 1st period - Snap shot by Kevin Porter.
5:05 of 1st period - Stopped by Jacob Markstrom with a rebound.
5:07 of 1st period - Slapshot by Matt Niskanen.
5:07 of 1st period - Shot Misses the Net.
5:21 of 1st period - Off-side.
5:22 of 1st period - Kevin Porter wins face-off versus Josh Hennessy in neutral zone.
5:39 of 1st period - Slapshot by Nikolai Kulemin.
5:39 of 1st period - Shot Misses the Net.
5:45 of 1st period - Nikolai Kulemin is hit by Keith Yandle and loses puck.
6:24 of 1st period - Snap shot by Niklas Hagman.
6:24 of 1st period - Stopped by Cory Schneider with a rebound.
6:26 of 1st period - Slapshot by Clayton Stoner.
6:26 of 1st period - Stopped by Cory Schneider without a rebound.
6:27 of 1st period - Jakub Voracek wins face-off versus B.J. Crombeen in Sasquatch zone.
6:27 of 1st period - Jakub Voracek is hit by Vladimir Mihalik.
7:15 of 1st period - Snap shot by Steven Goertzen.
7:15 of 1st period - Shot Misses the Net.
7:17 of 1st period - Slapshot by Steven Goertzen.
7:17 of 1st period - Stopped by Cory Schneider without a rebound.
7:18 of 1st period - Gilbert Brule wins face-off versus Kevin Porter in Sasquatch zone.
7:25 of 1st period - Snap shot by B.J. Crombeen.
7:25 of 1st period - Shot Misses the Net.
7:27 of 1st period - Snap shot by Gilbert Brule.
7:27 of 1st period - Shot Blocked by Kevin Porter.
7:29 of 1st period - Wrist shot by Niklas Hagman.
7:29 of 1st period - Stopped by Cory Schneider with a rebound.
7:31 of 1st period - Slapshot by Shane Sims.
7:31 of 1st period - Deflect By B.J. Crombeen.
7:31 of 1st period - Shot Misses the Net.
7:31 of 1st period - Puck is out of play.
7:32 of 1st period - Kevin Porter wins face-off versus Gilbert Brule in Sasquatch zone.
7:45 of 1st period - D.J King is hit by Clayton Stoner and loses puck.
7:54 of 1st period - Jake Gardiner is hit by Niklas Hagman and loses puck.
8:36 of 1st period - Off-side.
8:37 of 1st period - Gilbert Brule wins face-off versus Kevin Porter in neutral zone.
8:40 of 1st period - Kevin Porter is hit by B.J. Crombeen.
8:52 of 1st period - Snap shot by Jakub Voracek.
8:52 of 1st period - Stopped by Jacob Markstrom with a rebound.
9:50 of 1st period - Wrist shot by Konstantin Pushkarev.
9:50 of 1st period - Shot Blocked by Erik Karlsson.
9:56 of 1st period - Wrist shot by Steven Goertzen.
9:56 of 1st period - Shot Blocked by Rostislav Klesla.
9:58 of 1st period - Wrist shot by Erik Karlsson.
9:58 of 1st period - Stopped by Cory Schneider with a rebound.
10:10 of 1st period - Wrist shot by Jakub Voracek.
10:10 of 1st period - Stopped by Jacob Markstrom with a rebound.
11:10 of 1st period - Matt Niskanen is hit by Vladimir Mihalik and loses puck.
11:29 of 1st period - Slapshot by Kevin Porter.
11:29 of 1st period - Shot Misses the Net.
11:45 of 1st period - Stanislav Chistov is hit by Jarkko Ruutu and loses puck.
12:19 of 1st period - Chad Kilger is hit by Logan Stephenson and loses puck.
12:45 of 1st period - Snap shot by Cody Hodgson.
12:45 of 1st period - Stopped by Cory Schneider with a rebound.
13:11 of 1st period - Snap shot by Chad Kilger.
13:11 of 1st period - Shot Misses the Net.
13:13 of 1st period - Wrist shot by Keith Yandle.
13:13 of 1st period - Stopped by Jacob Markstrom with a rebound.
13:15 of 1st period - Snap shot by Krys Kolanos.
13:15 of 1st period - Stopped by Jacob Markstrom with a rebound.
13:17 of 1st period - Backhand shot by Keith Yandle.
13:17 of 1st period - Shot Blocked by Clayton Stoner.
13:19 of 1st period - Wrist shot by Keith Yandle.
13:19 of 1st period - Shot Misses the Net.
13:35 of 1st period - Wrist shot by Krys Kolanos.
13:35 of 1st period - Stopped by Jacob Markstrom with a rebound.
13:37 of 1st period - Snap shot by Chad Kilger.
13:37 of 1st period - Shot Misses the Net.
14:25 of 1st period - Steven Goertzen is hit by Andrew Gordon.
14:44 of 1st period - Snap shot by Steven Goertzen.
14:44 of 1st period - Shot Misses the Net.
15:04 of 1st period - Snap shot by Steven Goertzen.
15:04 of 1st period - Shot Misses the Net.
15:36 of 1st period - Wrist shot by Chad Kilger.
15:36 of 1st period - Deflect By Krys Kolanos.
15:36 of 1st period - Stopped by Jacob Markstrom with a rebound.
15:38 of 1st period - Slapshot by Keith Yandle.
15:38 of 1st period - Shot Blocked by Clayton Stoner.
15:40 of 1st period - Snap shot by Kevin Shattenkirk.
15:40 of 1st period - Shot Blocked by Logan Stephenson.
15:42 of 1st period - Snap shot by Chad Kilger.
15:42 of 1st period - Shot Misses the Net.
15:44 of 1st period - Slapshot by Kevin Shattenkirk.
15:44 of 1st period - Deflect By Krys Kolanos.
15:44 of 1st period - Goal by Krys Kolanos - Senators : 0 - Sasquatch : 1.
15:45 of 1st period - Gilbert Brule wins face-off versus Jakub Voracek in neutral zone.
15:50 of 1st period - Snap shot by Gilbert Brule.
15:50 of 1st period - Deflect By Matt Niskanen.
15:50 of 1st period - Shot Blocked by Jake Gardiner.
15:50 of 1st period - Puck is out of play.
15:51 of 1st period - Kevin Porter wins face-off versus Gilbert Brule in Sasquatch zone.
15:51 of 1st period - Kevin Porter is hit by Gilbert Brule.
16:02 of 1st period - Minor Penalty to Ryan Parent for Slashing.
16:03 of 1st period - B.J. Crombeen wins face-off versus Jakub Voracek in Senators zone.
16:29 of 1st period - Gilbert Brule is hit by Cam Atkinson and loses puck.
16:36 of 1st period - Backhand shot by Derek Stepan.
16:36 of 1st period - Stopped by Jacob Markstrom with a rebound.
16:38 of 1st period - Slapshot by Rostislav Klesla.
16:38 of 1st period - Shot Blocked by Vladimir Mihalik.
16:49 of 1st period - Off-side.
16:50 of 1st period - Niklas Hagman wins face-off versus Kevin Porter in neutral zone.
17:00 of 1st period - Wrist shot by Niklas Hagman.
17:00 of 1st period - Deflect By Nikolai Kulemin.
17:00 of 1st period - Stopped by Cory Schneider without a rebound.
17:01 of 1st period - Derek Stepan wins face-off versus B.J. Crombeen in Sasquatch zone.
17:06 of 1st period - Jake Gardiner is hit by Vladimir Mihalik and loses puck.
17:13 of 1st period - Shane Sims is hit by Cam Atkinson and loses puck.
17:36 of 1st period - Nikolai Kulemin is hit by Kevin Porter and loses puck.
17:51 of 1st period - Gilbert Brule is hit by Jarkko Ruutu and loses puck.
18:02 of 1st period - Penalty to Ryan Parent is over, Ryan Parent is back on ice.
18:16 of 1st period - Wrist shot by Nikolai Kulemin.
18:16 of 1st period - Deflect By Ryan Parent.
18:16 of 1st period - Stopped by Cory Schneider without a rebound.
18:17 of 1st period - Josh Hennessy wins face-off versus Matt Beleskey in Sasquatch zone.
18:35 of 1st period - Icing by Matt Niskanen.
18:36 of 1st period - Matt Beleskey wins face-off versus Andrew Murray in Sasquatch zone.
18:48 of 1st period - Jarkko Ruutu is hit by Andrew Murray and loses puck.
19:02 of 1st period - Off-side.
19:03 of 1st period - B.J. Crombeen wins face-off versus Konstantin Pushkarev in neutral zone.
19:13 of 1st period - Minor Penalty to Matt Niskanen for Holding.
19:14 of 1st period - B.J. Crombeen wins face-off versus Kevin Porter in Sasquatch zone.
19:24 of 1st period - Snap shot by Gilbert Brule.
19:24 of 1st period - Deflect By B.J. Crombeen.
19:24 of 1st period - Shot Blocked by Philip Larsen.
19:24 of 1st period - Puck is out of play.
19:25 of 1st period - Gilbert Brule wins face-off versus Jarkko Ruutu in Sasquatch zone.
19:40 of 1st period - Wrist shot by Niklas Hagman.
19:40 of 1st period - Shot Misses the Net.
Goals for this period are 0 for Senators vs 1 for Sasquatch.
Shots for this period are 10 for Senators vs 10 for Sasquatch.
2nd period
0:01 of 2nd period - Gilbert Brule wins face-off versus Kevin Porter in neutral zone.
0:50 of 2nd period - Jake Gardiner is hit by B.J. Crombeen and loses puck.
1:13 of 2nd period - Penalty to Matt Niskanen is over, Matt Niskanen is back on ice.
1:23 of 2nd period - Slapshot by Matt Niskanen.
1:23 of 2nd period - Shot Misses the Net.
1:25 of 2nd period - Snap shot by Konstantin Pushkarev.
1:25 of 2nd period - Shot Misses the Net.
1:31 of 2nd period - Snap shot by Jiri Novotny.
1:31 of 2nd period - Goal by Jiri Novotny - Senators : 0 - Sasquatch : 2.
1:32 of 2nd period - Kevin Porter wins face-off versus Gilbert Brule in neutral zone.
1:32 of 2nd period - D.J King is hit by Vladimir Mihalik and loses puck.
1:39 of 2nd period - Jake Gardiner is hit by Gilbert Brule and loses puck.
1:46 of 2nd period - Snap shot by B.J. Crombeen.
1:46 of 2nd period - Goal by B.J. Crombeen - Senators : 1 - Sasquatch : 2.
1:47 of 2nd period - Gilbert Brule wins face-off versus Kevin Porter in neutral zone.
1:52 of 2nd period - Snap shot by B.J. Crombeen.
1:52 of 2nd period - Stopped by Cory Schneider with a rebound.
1:54 of 2nd period - Slapshot by Vladimir Mihalik.
1:54 of 2nd period - Deflect By Jakub Voracek.
1:54 of 2nd period - Stopped by Cory Schneider without a rebound.
1:55 of 2nd period - Kevin Porter wins face-off versus B.J. Crombeen in Sasquatch zone.
2:06 of 2nd period - Wrist shot by B.J. Crombeen.
2:06 of 2nd period - Shot Blocked by Kevin Shattenkirk.
2:08 of 2nd period - Slapshot by Vladimir Mihalik.
2:08 of 2nd period - Stopped by Cory Schneider without a rebound.
2:09 of 2nd period - Kevin Porter wins face-off versus Gilbert Brule in Sasquatch zone.
2:34 of 2nd period - Kevin Shattenkirk is hit by Vladimir Mihalik and loses puck.
3:02 of 2nd period - Slapshot by Ryan Parent.
3:02 of 2nd period - Deflect By Jack Skille.
3:02 of 2nd period - Stopped by Cory Schneider with a rebound.
3:18 of 2nd period - Ryan Parent is hit by Rostislav Klesla and loses puck.
3:23 of 2nd period - Wrist shot by Krys Kolanos.
3:23 of 2nd period - Stopped by Jacob Markstrom with a rebound.
3:25 of 2nd period - Slapshot by Philip Larsen.
3:25 of 2nd period - Shot Blocked by Ryan Parent.
3:27 of 2nd period - Slapshot by Philip Larsen.
3:27 of 2nd period - Stopped by Jacob Markstrom without a rebound.
3:28 of 2nd period - Gilbert Brule wins face-off versus Kevin Porter in Senators zone.
4:19 of 2nd period - Wrist shot by Steven Goertzen.
4:19 of 2nd period - Shot Misses the Net.
4:31 of 2nd period - Clayton Stoner is hit by Jakub Voracek and loses puck.
4:46 of 2nd period - Wrist shot by Chad Kilger.
4:46 of 2nd period - Stopped by Jacob Markstrom without a rebound.
4:47 of 2nd period - Krys Kolanos wins face-off versus Andrew Murray in Senators zone.
4:56 of 2nd period - Slapshot by Kevin Shattenkirk.
4:56 of 2nd period - Stopped by Jacob Markstrom with a rebound.
5:35 of 2nd period - Snap shot by Krys Kolanos.
5:35 of 2nd period - Stopped by Jacob Markstrom without a rebound.
5:36 of 2nd period - Kevin Porter wins face-off versus Gilbert Brule in Senators zone.
5:41 of 2nd period - Slapshot by Kevin Porter.
5:41 of 2nd period - Stopped by Jacob Markstrom with a rebound.
5:43 of 2nd period - Slapshot by Philip Larsen.
5:43 of 2nd period - Stopped by Jacob Markstrom without a rebound.
5:44 of 2nd period - Kevin Porter wins face-off versus B.J. Crombeen in Senators zone.
5:49 of 2nd period - Snap shot by Jakub Voracek.
5:49 of 2nd period - Shot Misses the Net.
6:09 of 2nd period - Nikolai Kulemin is hit by Matt Niskanen and loses puck.
6:51 of 2nd period - Slapshot by Krys Kolanos.
6:51 of 2nd period - Stopped by Jacob Markstrom without a rebound.
6:52 of 2nd period - Krys Kolanos wins face-off versus Andrew Murray in Senators zone.
6:59 of 2nd period - Snap shot by Chad Kilger.
6:59 of 2nd period - Shot Misses the Net.
7:01 of 2nd period - Slapshot by Krys Kolanos.
7:01 of 2nd period - Goal by Krys Kolanos - Senators : 1 - Sasquatch : 3.
7:02 of 2nd period - Kevin Porter wins face-off versus Gilbert Brule in neutral zone.
7:05 of 2nd period - Gilbert Brule is hit by Jakub Voracek and loses puck.
7:32 of 2nd period - Wrist shot by Jiri Novotny.
7:32 of 2nd period - Shot Blocked by Vladimir Mihalik.
7:54 of 2nd period - Wrist shot by Kevin Shattenkirk.
7:54 of 2nd period - Shot Misses the Net.
7:56 of 2nd period - Slapshot by Matt Niskanen.
7:56 of 2nd period - Stopped by Jacob Markstrom with a rebound.
7:58 of 2nd period - Snap shot by Kevin Shattenkirk.
7:58 of 2nd period - Stopped by Jacob Markstrom without a rebound.
7:59 of 2nd period - Kevin Porter wins face-off versus Gilbert Brule in Senators zone.
8:04 of 2nd period - Snap shot by Kevin Porter.
8:04 of 2nd period - Shot Misses the Net.
8:06 of 2nd period - Slapshot by Jake Gardiner.
8:06 of 2nd period - Stopped by Jacob Markstrom with a rebound.
8:08 of 2nd period - Snap shot by Jakub Voracek.
8:08 of 2nd period - Shot Misses the Net.
8:10 of 2nd period - Snap shot by Jakub Voracek.
8:10 of 2nd period - Stopped by Jacob Markstrom without a rebound.
8:11 of 2nd period - Gilbert Brule wins face-off versus Kevin Porter in Senators zone.
8:13 of 2nd period - Minor Penalty to B.J. Crombeen for Hooking.
8:14 of 2nd period - Kevin Porter wins face-off versus Andrew Murray in Senators zone.
9:05 of 2nd period - Slapshot by Ryan Parent.
9:05 of 2nd period - Deflect By Josh Hennessy.
9:05 of 2nd period - Stopped by Cory Schneider with a rebound.
9:07 of 2nd period - Slapshot by Ryan Parent.
9:07 of 2nd period - Stopped by Cory Schneider with a rebound.
9:09 of 2nd period - Snap shot by Ryan Parent.
9:09 of 2nd period - Deflect By Brett Sterling.
9:09 of 2nd period - Stopped by Cory Schneider with a rebound.
10:13 of 2nd period - Penalty to B.J. Crombeen is over, B.J. Crombeen is back on ice.
11:31 of 2nd period - Philip Larsen is hit by Jack Skille and loses puck.
11:55 of 2nd period - Shane Sims is hit by Jakub Voracek and loses puck.
12:06 of 2nd period - Minor Penalty to Stanislav Chistov for Hooking.
12:07 of 2nd period - Kevin Porter wins face-off versus B.J. Crombeen in Senators zone.
12:18 of 2nd period - Snap shot by Kevin Porter.
12:18 of 2nd period - Shot Blocked by Gilbert Brule.
13:08 of 2nd period - B.J. Crombeen is hit by D.J King.
14:06 of 2nd period - Penalty to Stanislav Chistov is over, Stanislav Chistov is back on ice.
14:20 of 2nd period - Wrist shot by Stanislav Chistov.
14:20 of 2nd period - Shot Misses the Net.
16:40 of 2nd period - Wrist shot by Brett Sterling.
16:40 of 2nd period - Shot Hit the Post.
16:51 of 2nd period - Off-side.
16:52 of 2nd period - Gilbert Brule wins face-off versus Jiri Novotny in neutral zone.
16:59 of 2nd period - Wrist shot by Gilbert Brule.
16:59 of 2nd period - Stopped by Cory Schneider without a rebound.
17:00 of 2nd period - Gilbert Brule wins face-off versus Kevin Porter in Sasquatch zone.
17:21 of 2nd period - Logan Stephenson is hit by Kevin Porter and loses puck.
18:14 of 2nd period - Slapshot by Kevin Shattenkirk.
18:14 of 2nd period - Shot Misses the Net.
18:32 of 2nd period - Wrist shot by Derek Stepan.
18:32 of 2nd period - Deflect By Nikolai Kulemin.
18:32 of 2nd period - Shot Blocked by Logan Stephenson.
18:32 of 2nd period - Puck is out of play.
18:33 of 2nd period - Gilbert Brule wins face-off versus Kevin Porter in Senators zone.
18:33 of 2nd period - Gilbert Brule is hit by D.J King.
18:39 of 2nd period - Slapshot by Ryan Parent.
18:39 of 2nd period - Shot Misses the Net.
18:41 of 2nd period - Snap shot by Gilbert Brule.
18:41 of 2nd period - Shot Misses the Net.
18:43 of 2nd period - Snap shot by B.J. Crombeen.
18:43 of 2nd period - Goal by B.J. Crombeen - Senators : 2 - Sasquatch : 3.
18:44 of 2nd period - Kevin Porter wins face-off versus Gilbert Brule in neutral zone.
18:46 of 2nd period - Off-side.
18:47 of 2nd period - Gilbert Brule wins face-off versus Kevin Porter in neutral zone.
18:50 of 2nd period - Snap shot by B.J. Crombeen.
18:50 of 2nd period - Shot Misses the Net.
18:52 of 2nd period - Wrist shot by Niklas Hagman.
18:52 of 2nd period - Shot Blocked by Keith Yandle.
18:54 of 2nd period - Slapshot by Vladimir Mihalik.
18:54 of 2nd period - Shot Blocked by Keith Yandle.
18:56 of 2nd period - Wrist shot by Niklas Hagman.
18:56 of 2nd period - Shot Blocked by Jake Gardiner.
18:58 of 2nd period - Snap shot by Niklas Hagman.
18:58 of 2nd period - Deflect By Gilbert Brule.
18:58 of 2nd period - Stopped by Cory Schneider without a rebound.
18:59 of 2nd period - Gilbert Brule wins face-off versus Kevin Porter in Sasquatch zone.
Goals for this period are 2 for Senators vs 2 for Sasquatch.
Shots for this period are 11 for Senators vs 14 for Sasquatch.
3rd period
0:01 of 3rd period - Gilbert Brule wins face-off versus Kevin Porter in neutral zone.
0:33 of 3rd period - Snap shot by B.J. Crombeen.
0:33 of 3rd period - Stopped by Cory Schneider without a rebound.
0:34 of 3rd period - Josh Hennessy wins face-off versus Krys Kolanos in Sasquatch zone.
1:10 of 3rd period - Minor Penalty to Clayton Stoner for Boarding.
1:11 of 3rd period - B.J. Crombeen wins face-off versus Kevin Porter in Senators zone.
1:23 of 3rd period - Slapshot by Matt Niskanen.
1:23 of 3rd period - Shot Misses the Net.
1:25 of 3rd period - Wrist shot by Jakub Voracek.
1:25 of 3rd period - Shot Misses the Net.
1:27 of 3rd period - Wrist shot by Kevin Porter.
1:27 of 3rd period - Stopped by Jacob Markstrom with a rebound.
1:39 of 3rd period - Snap shot by Keith Yandle.
1:39 of 3rd period - Deflect By Jarkko Ruutu.
1:39 of 3rd period - Stopped by Jacob Markstrom with a rebound.
1:45 of 3rd period - Snap shot by Nikolai Kulemin.
1:45 of 3rd period - Shot Misses the Net.
1:47 of 3rd period - Slapshot by Vladimir Mihalik.
1:47 of 3rd period - Shot Blocked by Kevin Porter.
1:49 of 3rd period - Snap shot by Ryan Parent.
1:49 of 3rd period - Shot Misses the Net.
2:05 of 3rd period - Snap shot by D.J King.
2:05 of 3rd period - Stopped by Jacob Markstrom with a rebound.
2:07 of 3rd period - Snap shot by Cam Atkinson.
2:07 of 3rd period - Shot Misses the Net.
3:10 of 3rd period - Penalty to Clayton Stoner is over, Clayton Stoner is back on ice.
3:24 of 3rd period - Snap shot by Chad Kilger.
3:24 of 3rd period - Shot Misses the Net.
3:38 of 3rd period - Snap shot by Jack Skille.
3:38 of 3rd period - Stopped by Cory Schneider with a rebound.
5:22 of 3rd period - Chad Kilger is hit by Jack Skille and loses puck.
5:29 of 3rd period - Jack Skille is hit by Krys Kolanos and loses puck.
5:36 of 3rd period - Krys Kolanos is hit by Jack Skille and loses puck.
5:43 of 3rd period - Jake Gardiner is hit by Jack Skille and loses puck.
5:56 of 3rd period - Icing by Travis Moen.
5:57 of 3rd period - Jack Skille wins face-off versus Kevin Porter in Senators zone.
6:02 of 3rd period - Snap shot by D.J King.
6:02 of 3rd period - Shot Misses the Net.
6:14 of 3rd period - Matt Niskanen is hit by Travis Moen and loses puck.
6:36 of 3rd period - Minor Penalty to Kevin Shattenkirk for Hooking.
6:37 of 3rd period - Kevin Porter wins face-off versus Gilbert Brule in Sasquatch zone.
6:37 of 3rd period - Kevin Porter is hit by Ryan Parent.
7:12 of 3rd period - Snap shot by Stanislav Chistov.
7:12 of 3rd period - Stopped by Cory Schneider with a rebound.
7:14 of 3rd period - Slapshot by Vladimir Mihalik.
7:14 of 3rd period - Stopped by Cory Schneider with a rebound.
7:33 of 3rd period - Off-side.
7:34 of 3rd period - Chad Kilger wins face-off versus Gilbert Brule in neutral zone.
8:36 of 3rd period - Penalty to Kevin Shattenkirk is over, Kevin Shattenkirk is back on ice.
8:51 of 3rd period - Slapshot by Brett Sterling.
8:51 of 3rd period - Shot Misses the Net.
8:53 of 3rd period - Snap shot by Cody Hodgson.
8:53 of 3rd period - Stopped by Cory Schneider without a rebound.
8:54 of 3rd period - Andrew Murray wins face-off versus Jiri Novotny in Sasquatch zone.
9:00 of 3rd period - Minor Penalty to Matt Beleskey for Hooking.
9:01 of 3rd period - Gilbert Brule wins face-off versus Kevin Porter in Sasquatch zone.
9:03 of 3rd period - Slapshot by Gilbert Brule.
9:03 of 3rd period - Deflect By Niklas Hagman.
9:03 of 3rd period - Stopped by Cory Schneider with a rebound.
9:07 of 3rd period - Snap shot by Gilbert Brule.
9:07 of 3rd period - Shot Blocked by Matt Niskanen.
9:09 of 3rd period - Snap shot by Gilbert Brule.
9:09 of 3rd period - Goal by Gilbert Brule - Senators : 3 - Sasquatch : 3.
9:10 of 3rd period - Gilbert Brule wins face-off versus Kevin Porter in neutral zone.
9:25 of 3rd period - Niklas Hagman is hit by Jake Gardiner.
9:46 of 3rd period - Derek Stepan is hit by Nikolai Kulemin and loses puck.
9:57 of 3rd period - Snap shot by Travis Moen.
9:57 of 3rd period - Goal by Travis Moen - Senators : 4 - Sasquatch : 3.
9:58 of 3rd period - Kevin Porter wins face-off versus Gilbert Brule in neutral zone.
10:17 of 3rd period - Kevin Shattenkirk is hit by Niklas Hagman and loses puck.
10:24 of 3rd period - Minor Penalty to Kevin Porter for Interference.
10:25 of 3rd period - Chad Kilger wins face-off versus B.J. Crombeen in Sasquatch zone.
11:44 of 3rd period - Jake Gardiner is hit by Nikolai Kulemin and loses puck.
12:21 of 3rd period - Jarkko Ruutu is hit by Clayton Stoner and loses puck.
12:24 of 3rd period - Penalty to Kevin Porter is over, Kevin Porter is back on ice.
12:34 of 3rd period - Slapshot by Matt Niskanen.
12:34 of 3rd period - Shot Blocked by Travis Moen.
13:26 of 3rd period - Icing by Philip Larsen.
13:27 of 3rd period - Derek Stepan wins face-off versus Gilbert Brule in Sasquatch zone.
13:57 of 3rd period - Slapshot by Jakub Voracek.
13:57 of 3rd period - Shot Misses the Net.
14:19 of 3rd period - Wrist shot by Brett Sterling.
14:19 of 3rd period - Shot Blocked by Krys Kolanos.
14:21 of 3rd period - Slapshot by Erik Karlsson.
14:21 of 3rd period - Stopped by Cory Schneider with a rebound.
14:23 of 3rd period - Slapshot by Shane Sims.
14:23 of 3rd period - Shot Blocked by Philip Larsen.
14:25 of 3rd period - Wrist shot by Cody Hodgson.
14:25 of 3rd period - Stopped by Cory Schneider with a rebound.
14:27 of 3rd period - Snap shot by Steven Goertzen.
14:27 of 3rd period - Shot Misses the Net.
15:08 of 3rd period - Slapshot by Gilbert Brule.
15:08 of 3rd period - Deflect By B.J. Crombeen.
15:08 of 3rd period - Shot Misses the Net.
15:08 of 3rd period - Puck is out of play.
15:09 of 3rd period - Gilbert Brule wins face-off versus Kevin Porter in Sasquatch zone.
15:34 of 3rd period - Gilbert Brule is hit by Keith Yandle and loses puck.
16:01 of 3rd period - Travis Moen is hit by Kevin Shattenkirk and loses puck.
16:14 of 3rd period - Keith Yandle is hit by Stanislav Chistov and loses puck.
16:47 of 3rd period - Wrist shot by Steven Goertzen.
16:47 of 3rd period - Deflect By Andrew Gordon.
16:47 of 3rd period - Shot Misses the Net.
16:47 of 3rd period - Puck is out of play.
16:48 of 3rd period - Derek Stepan wins face-off versus Andrew Murray in Sasquatch zone.
17:13 of 3rd period - Clayton Stoner is hit by Kevin Shattenkirk and loses puck.
17:24 of 3rd period - Kevin Porter is hit by B.J. Crombeen and loses puck.
18:09 of 3rd period - Slapshot by Kevin Shattenkirk.
18:09 of 3rd period - Shot Misses the Net.
18:11 of 3rd period - Wrist shot by D.J King.
18:11 of 3rd period - Deflect By Kevin Porter.
18:11 of 3rd period - Stopped by Jacob Markstrom without a rebound.
18:12 of 3rd period - Kevin Porter wins face-off versus Andrew Murray in Senators zone.
18:12 of 3rd period - Kevin Porter is hit by Andrew Murray.
19:39 of 3rd period - Sasquatch, Cory Schneider is pulled from the net.
19:58 of 3rd period - Minor Penalty to D.J King for Hooking.
19:59 of 3rd period - Cory Schneider from Sasquatch was sent back in the game.
19:59 of 3rd period - Chad Kilger wins face-off versus Josh Hennessy in Sasquatch zone.
Goals for this period are 2 for Senators vs 0 for Sasquatch.
Shots for this period are 10 for Senators vs 4 for Sasquatch.
Output by the SimonT Hockey Simulator (STHS) for François Prévost -- Original Page W3C XHTML 1.0 Valid